 Dungeon Crawl Stone Soup version 0.30-a0-986-g7f2e898f52 (console) character file.

Game seed: 15510152151592354823

216 utis the Conjurer (level 5, -3/31 HPs)
             Began as a Tengu Wanderer on Apr 1, 2023.
             Slain by an orc
             ... wielding a +0 morningstar
              (13 damage)
             ... on level 3 of the Dungeon.
             The game lasted 00:14:38 (4338 turns).

utis the Conjurer (Tengu Wanderer)                  Turns: 4338, Time: 00:14:38

Health: -3/31      AC:  5    Str:  8    XL:     5   Next: 93%
Magic:  8/9        EV: 13    Int: 15    God:
Gold:   39         SH:  0    Dex: 23    Spells: 2/8 levels left

rFire   . . .      SeeInvis .    a - +1 sling
rCold   . . .      Faith    .    h - orb {mayhem}
rNeg    . . .      Spirit   .    u - +0 ring mail
rPois   .          Reflect  .    (helmet restricted)
rElec   .          Rampage  .    (no cloak)
rCorr   +                        (no gloves)
Will    .....                    (boots unavailable)
Stlth   +                        (no amulet)
HPRegen 0.25/turn                X - +6 ring of dexterity
MPRegen 0.11/turn                q - ring of resist corrosion

@: flying quickly and evasively, quick
A: beak, talons 3, nimble flight
a: no special abilities


You were on level 3 of the Dungeon.
You visited 1 branch of the dungeon, and saw 4 of its levels.

You collected 169 gold pieces.
You spent 130 gold pieces at shops.

Inventory:

Hand Weapons
 a - a +1 sling (weapon)
 b - a +0 long sword
 t - a +0 morningstar
Missiles
 f - 24 stones
Armour
 c - a +0 robe
 h - an orb of mayhem (worn)
 r - a +0 leather armour
 u - a +0 ring mail (worn)
Jewellery
 q - a ring of resist corrosion (right hand)
 L - a ring of flight
 X - a +6 ring of dexterity (left hand)
Wands
 l - a wand of digging (9)
Scrolls
 k - a scroll of blinking {unknown}
 n - a scroll of brand weapon {unknown}
 s - a scroll of amnesia {unknown}
Potions
 d - a potion of might
 e - a potion of haste {@q3}
 g - 2 potions of degeneration {@e1}
 i - a potion of berserk rage {!q}
 j - a potion of brilliance
 m - a potion of flight {unknown}
 o - a potion of curing {@q1}
 p - a potion of lignification {unknown}
 v - 3 potions of heal wounds {@q2}
 w - a potion of attraction {unknown}


   Skills:
 + Level 2.7 Fighting
 - Level 2.1 Ranged Weapons
 - Level 1.1 Armour
 + Level 2.5 Dodging
 + Level 2.0 Spellcasting
 + Level 6.4 Conjurations
 + Level 2.8 Air Magic
 - Level 1.0 Evocations


You had 2 spell levels left.
You knew the following spells:

 Your Spells              Type           Power      Damage    Failure   Level
o - Shock                 Conj/Air       60%        1d6       10%         1
y - Sticky Flame          Conj/Fire      11%        2d3       87%         4
z - Magic Dart            Conj           80%        1d7       4%          1

Your spell library contained the following spells:

 Spells                   Type           Power      Damage    Failure   Level
 Apportation              Tloc           2%         N/A       54%         1
 Alistair's Intoxication  Tmut/Pois      0%         N/A       100%        5


Dungeon Overview and Level Annotations

Branches:
Dungeon (4/15)
 Temple: D:4-7

Altars:
Yredelemnul

Shops:
D:1 !

Annotations:
D:4 1 runed translucent door, t4s4d4r's ghost, amateur GrFi


Innate Abilities, Weirdness & Mutations

You have a beak for a mouth.
You have claws for feet.
Your magical nature lets you fly swiftly and evasively.


Message History

There is a stone staircase leading up here.
There are monsters nearby!
The magic dart hits the orc.
The orc is lightly wounded.
The orc shouts!
Aiming: Shock (safe; 10% risk of failure)
Press: ? - help, Q - select action, (/) - cycle Shift-Dir - straight line, p - orc The zap hits the orc.
The orc is heavily wounded.
The zap hits the orc.
The orc is lightly wounded.
The zap hits the orc.
The orc is almost dead.
The zap hits the orc.
The orc is heavily wounded.
The orc hits you with a +0 morningstar.
An orc comes into view. It is wielding a +0 trident.
The orc barely misses you. The orc hits you but does no damage. x2
You fly upwards.
There is a stone staircase leading down here.
The orc hits you with a +0 hand axe.
You see here a +0 robe.
Aiming: Shock (safe; 10% risk of failure)
Press: ? - help, Q - select action, (/) - cycle Shift-Dir - straight line The zap hits the orc.
The orc is almost dead.
The zap hits the orc.
You kill the orc!
The orc flies into a frenzy!
The orc hits you with a +0 morningstar!
Ouch! That really hurt!
* * * LOW HITPOINT WARNING * * *
Unknown command.
Unknown command.
Unknown command.
The orc attacks as you move away! The orc misses you.
The orc attacks as you move away! The orc barely misses you. x2
The orc shouts!
The orc attacks as you move away! The orc hits you with a +0 morningstar!
You die...

░.....░░░░░░░░░ ░
░░░░░.............░ ░░░░░░░
....░.......░░░░░.░ ░░......
.........░░.[.░░░.░░░░░ ░..░░░░░
........>░░░░)........░░░░)░░
.........░ ░░░░.░.......░.░
.........░ ░.....^.....░
.........░ ░░o...<...░░░
░.░░.....░ ░░░Q........░░
░.░░[....░░░░░...░........░░
...............░░░.........░
░.░░.).[[........).......░.░░░░░░
░.░░.............................
.....░░░░.░.░░░░░░░░░░░░░░░.░░░░░
░.░░░░░░░.░.....░ ░.░░
░.░░░░....░░░░░.░ ░..░
░.░....░░░░ ░.░ ░░.░


You could see a neutral orc (fast, strong, insane).

Vanquished Creatures
  An ogre (D:3)
  An orc priest (D:3)
  4 adders
  2 worms (D:2)
  A dart slug (D:2)
  5 orcs (D:3)
  3 bats (D:2)
  3 endoplasms
  2 giant cockroaches (D:3)
  5 goblins
  5 hobgoblins
  4 kobolds
  5 quokkas
  4 ball pythons
  3 frilled lizards
  A spectral orc (D:3)
49 creatures vanquished.

Vanquished Creatures (collateral kills)
  An orc (D:3)
1 creature vanquished.

Grand Total: 50 creatures vanquished

Notes
Turn   | Place    | Note
-------+----------+-------------------------------------------
     0 | D:1      | utis the Tengu Wanderer began the quest for the Orb.
     0 | D:1      | utis set off with the following items: a +1 sling, a potion
                  | of berserk rage {!q}, a +0 robe; and the following spells
                  | available to memorise: Magic Dart, Shock, Sticky Flame.
     0 | D:1      | Reached XP level 1. HP: 12/12 MP: 3/3
     2 | D:1      | Learned a level 1 spell: Magic Dart
   537 | D:1      | Found Ojitt's Distillery.
   564 | D:1      | Reached XP level 2. HP: 16/16 MP: 0/4
   760 | D:1      | Reached skill level 1 in Dodging
   762 | D:1      | Learned a level 1 spell: Shock
  1313 | D:2      | Reached skill level 1 in Air Magic
  1313 | D:2      | Reached XP level 3. HP: 13/21 MP: 1/5
  1709 | D:2      | Found a faded altar of an unknown god.
  2352 | D:2      | Reached XP level 4. HP: 26/26 MP: 1/6
  2522 | D:1      | Bought a potion of curing for 30 gold pieces
  2708 | D:3      | Noticed an ogre
  3048 | D:3      | Reached skill level 6 in Conjurations
  3091 | D:3      | Killed an ogre
  3092 | D:3      | Gained mutation: Your magical nature lets you fly swiftly
                  | and evasively. [Tengu growth]
  3092 | D:3      | Reached XP level 5. HP: 31/31 MP: 2/8
  3578 | D:3      | Learned a level 4 spell: Sticky Flame
  4017 | D:3      | Found a basalt altar of Yredelemnul.
  4140 | D:4      | Found a runed translucent door.
  4188 | D:4      | Noticed t4s4d4r's ghost (amateur GrFi)
  4275 | D:1      | Bought 2 potions of heal wounds for 100 gold pieces
  4338 | D:3      | Slain by an orc

Illustrated notes

Levels and vault maps discovered:
D:1:      co_arrival_random_square_maze, layout_loops_ring, serial_shops,
          nicolae_shop_statue_plus
D:2:      layout_basic, basic_ecumenical_altar
D:3:      layout_rooms, yredelemnul_forgotten_temple_becter,
          roderic_cross_of_infinity
D:4:      layout_loops_ring, minmay_temple_entry_mini_moons,
          ebering_ghost_inner_flame

Skill      XL: |  1  2  3  4  5 |
---------------+----------------+-----
Dodging        | 1 2 |  2.5
Air Magic      | 1 2 |  2.8
Fighting       | 2 |  2.7
Conjurations   | 6 |  6.4
Spellcasting   | 2 |  2.0
Ranged Weapons | |  2.1
Armour         | |  1.1
Evocations     | |  1.0

Action                     |  1- 3 |  4- 6 || total
---------------------------+-------+-------++-------
  Melee: Long sword        |     4 |       ||     4
         Kick              |     1 |       ||     1
   Fire: Sling             |     4 |     3 ||     7
   Cast: Magic Dart        |    57 |    40 ||    97
         Shock             |    16 |    15 ||    31
    Use: Scroll            |       |     4 ||     4
 Armour: Robe              |     4 |     1 ||     5
         Ring mail         |       |     2 ||     2
  Dodge: Dodged            |    11 |    10 ||    21

Table legend: (Time is in decaauts)
 A = Elapsed time spent in this place.
 B = Non-inter-level travel time spent in this place.
 C = Inter-level travel time spent in this place.
 D = Time resting spent in this place.
 E = Time spent auto-exploring this place.
 F = Levels seen in this place.
 G = Mean time per level.
                   A        B        C        D        E       F      G
               +--------+--------+--------+--------+--------+-----+--------+
         Total |   4272 |   3752 |    520 |   1410 |   1776 |   4 | 1068.0 |
       Dungeon |   4272 |   3752 |    520 |   1410 |   1776 |   4 | 1068.0 |
               +--------+--------+--------+--------+--------+-----+--------+

Top non-repeatable levels by time:
     D:2: 1760 daAuts
     D:1: 1224 daAuts
     D:3: 1173 daAuts
     D:4: 113 daAuts
